 Dungeon Crawl Stone Soup version 0.24-a0-201-gf205589 (webtiles) character file.

Game seed: 10184861377016998269

169 Borgoz the Shield-Bearer (level 5, -2/36 HPs)
             Began as a Halfling Fighter on Mar 24, 2019.
             Slain by a gnoll
             ... wielding a +0 halberd
              (7 damage)
             ... on level 3 of the Dungeon.
             The game lasted 00:02:53 (1845 turns).

Borgoz the Shield-Bearer (Halfling Fighter)         Turns: 1845, Time: 00:02:54

Health: -2/36      AC: 11    Str: 22    XL:     5   Next: 79%
Magic:  6/6        EV:  6    Int:  7    God:
Gold:   92         SH: 10    Dex: 14    Spells: 6/6 levels left

rFire    . . .     SeeInvis .   a - +0 rapier
rCold    . . .     Gourm    .   c - +0 shield
rNeg     . . .     Faith    .   k - +0 plate armour
rPois    .         Spirit   .   (no helmet)
rElec    .         Reflect  .   (no cloak)
rCorr    .         Harm     .   (no gloves)
MR       .....                  (no boots)
Stlth    ..........             (no amulet)
HPRegen  0.12/turn              (no ring)
MPRegen  0.10/turn              (no ring)

@: mighty, invisible
A: small, mutation resistance 1
a: no special abilities


You were on level 3 of the Dungeon.
You were hungry.

You visited 1 branch of the dungeon, and saw 3 of its levels.

You collected 92 gold pieces.

Inventory:

Hand Weapons
 a - a +0 rapier (weapon)
Missiles
 n - 17 poisoned needles
 s - 2 tomahawks (quivered)
Armour
 b - a +0 scale mail
 c - a +0 shield (worn)
 k - a +0 plate armour (worn)
Scrolls
 e - 2 scrolls of amnesia {unknown}
 g - a scroll of enchant weapon {unknown}
 o - 2 scrolls of identify
 r - a scroll of noise {unknown}
Potions
 h - 3 potions of brilliance
 j - a potion of lignification {unknown}
 l - a potion of haste {unknown}
 m - a potion of resistance {unknown}
 p - 2 potions of curing
Comestibles
 f - 2 rations


   Skills:
 + Level 3.1 Fighting
 * Level 3.7 Short Blades
 + Level 1.5 Throwing
 + Level 3.6 Armour
 + Level 1.7 Dodging
 + Level 1.7 Stealth
 + Level 3.7 Shields
 + Level 1.0 Spellcasting


You had 6 spell levels left.
You didn't know any spells.
Your spell library was empty.

Dungeon Overview and Level Annotations

Branches:
Dungeon (3/15)

Altars:


Innate Abilities, Weirdness & Mutations

You are small and have problems with some larger weapons.
You are somewhat resistant to further mutation.


Message History

The gnoll hits you with a +0 spear. You block the gnoll's attack.
The adder bites you but does no damage. You block the gnoll's attack.
You are too injured to fight recklessly!
You are too injured to fight recklessly!
You are too injured to fight recklessly!
You are too injured to fight recklessly!
You are too injured to fight recklessly!
You are too injured to fight recklessly!
You feel very mighty all of a sudden. The gnoll hits you with a +0 halberd!
* * * LOW HITPOINT WARNING * * *
You block the adder's attack. The gnoll hits you with a +0 spear!
* * * LOW HITPOINT WARNING * * *
It was a potion of curing.
You feel better. The adder bites you.
* * * LOW HITPOINT WARNING * * *
The gnoll hits you with a +0 halberd.
* * * LOW HITPOINT WARNING * * *
You fade into invisibility!
The adder barely misses you. The gnoll hits you with a +0 halberd!
You die...

.. #.# ####.# ..#.#
#.####### #.#.#####
#.....g.########.#...รท<#
......g@.(...........(.)
####..Sg#....#...(..####
.....####..#.#.#.#.#####
.#.# #..#...#.#...... ..
#......#.###...# .
#...#..#.# #.#.#
#............#..
#...#..........#
#............#.#


You could see 3 gnolls and an adder.

Vanquished Creatures
  2 orc wizards
  3 gnolls (D:2)
  2 oozes
  A dart slug (D:1)
  3 leopard geckos
  2 orcs
  2 ball pythons
  2 giant cockroaches
  10 goblins
  6 hobgoblins
  8 jackals
  3 quokkas (D:2)
  7 bats
  6 frilled lizards
  6 kobolds
  2 rats
65 creatures vanquished.

Notes
Turn   | Place    | Note
-------+----------+-------------------------------------------
     0 | D:1      | Borgoz the Halfling Fighter began the quest for the Orb.
     0 | D:1      | Reached XP level 1. HP: 15/15 MP: 1/1
   185 | D:1      | Reached XP level 2. HP: 17/20 MP: 2/2
   348 | D:1      | Reached XP level 3. HP: 21/25 MP: 3/3
   510 | D:1      | Reached skill level 1 in Stealth
   802 | D:2      | Reached skill level 1 in Dodging
  1067 | D:2      | Reached XP level 4. HP: 25/30 MP: 4/4
  1071 | D:2      | Reached skill level 1 in Throwing
  1534 | D:3      | Reached XP level 5. HP: 32/36 MP: 6/6
  1801 | D:3      | Reached skill level 1 in Spellcasting
  1845 | D:3      | Slain by a gnoll

Levels and vault maps discovered:
D:1:      enne_arrival_octagon_isle, layout_basic, st_stairs_1,
          minmay_pentomino_s2
D:2:      layout_basic
D:3:      layout_basic, first_ration

Skill      XL: |  1  2  3  4  5 |
---------------+----------------+-----
Stealth        | 1 |  1.7
Short Blades   | 3 |  3.7
Dodging        | 1 |  1.7
Throwing       | 1 |  1.5
Fighting       | 3 |  3.1
Spellcasting   | 1 |  1.0
Armour         | |  3.6
Shields        | |  3.7

Action                   |  1- 3 |  4- 6 || total
-------------------------+-------+-------++-------
Melee: Rapier            |   150 |   109 ||   259
  Use: Scroll            |     2 |       ||     2
       Potion            |       |     3 ||     3
  Eat: Chunk             |     1 |     2 ||     3
Armor: Scale mail        |    16 |       ||    16
       Plate armour      |    45 |    74 ||   119
Dodge: Dodged            |    38 |    32 ||    70
Block: Shield            |    81 |    76 ||   157

Table legend:
 A = Non-vault XP
 B = Vault XP
 C = Vault XP percentage of total XP
 D = Non-vault monster count
 E = Vault monster count
 F = Vault count percentage of total count
                 A         B        C        D         E       F
            +---------+---------+-------+---------+---------+-------
      Total |     232 |      10 |   4.1 |      60 |       5 |   7.7
            +---------+---------+-------+---------+---------+-------
        D:1 |      38 |      10 |  20.8 |      23 |       5 |  17.9
        D:2 |     135 |       0 |   0.0 |      27 |       0 |   0.0
        D:3 |      59 |       0 |   0.0 |      10 |       0 |   0.0
            +---------+---------+-------+---------+---------+-------
